 Dungeon Crawl Stone Soup version 0.29.1-12-g30fa7ad0bf (webtiles) character file.

Game seed: 16508401417478029978

4 H0rd4k the Charlatan (level 1, -1/13 HPs)
             Began as an Octopode Artificer on Dec 21, 2022.
             Slain by a goblin
             ... wielding a +0 club
              (5 damage)
             ... on level 1 of the Dungeon.
             The game lasted 00:00:12 (116 turns).

H0rd4k the Charlatan (Octopode Artificer)            Turns: 116, Time: 00:00:13

Health: -1/13      AC:  1    Str: 11    XL:     1   Next: 60%
Magic:  1/2        EV: 13    Int: 13    God:
Gold:   24         SH:  0    Dex: 12    Spells: 1/1 levels left

rFire   . . .      SeeInvis .   (no weapon)
rCold   . . .      Faith    .   (no shield)
rNeg    . . .      Spirit   .   (helmet restricted)
rPois   .          Reflect  .   (no amulet)
rElec   .          Harm     .   (no ring)
rCorr   .          Rampage  .   (no ring)
Will    .....                   (no ring)
Stlth   +++.......              (no ring)
HPRegen 0.04/turn               (no ring)
MPRegen 0.08/turn               (no ring)
                                (no ring)
                                (no ring)

@: no status effects
A: almost no armour, amphibious, 8 rings, camouflage 1, gelatinous body 1,
(nimble swimmer 1), tentacles
a: no special abilities


You were on level 1 of the Dungeon.
You visited 1 branch of the dungeon, and saw 1 of its levels.

You collected 24 gold pieces.

Inventory:

Wands
 b - a wand of flame (15) (quivered)
 c - a wand of charming (15)
 d - a wand of iceblast (5)
Scrolls
 a - a scroll of teleportation {unknown}


   Skills:
 * Level 1.1 Fighting
 - Level 2.3 Dodging
 - Level 1.3 Stealth
 * Level 0.6 Spellcasting
 - Level 3.2 Evocations


You had one spell level left.
You didn't know any spells.
Your spell library was empty.

Dungeon Overview and Level Annotations

Branches:
Dungeon (1/15)

Altars:


Innate Abilities, Weirdness & Mutations

You cannot wear most types of armour.
You are amphibious.
You can wear up to eight rings at the same time.
Your skin changes colour to match your surroundings (Stealth+).
Your rubbery body absorbs attacks. (AC +1, EV +1)
((You are camouflaged when in or above water. (Stealth+)))
You have tentacles for arms and can constrict up to eight enemies at once.


Message History

Key pressed, stopping explore.
No target in view!
HP restored.
Found 7 stones.
No target in view!
a - a scroll labelled POXKIDISHROYHO No target in view!
A ball python comes into view.
Found a stone staircase leading down.
An endoplasm comes into view.
There are monsters nearby!
A goblin comes into view. It is wielding a +0 club.
Found a stone staircase leading down.
The ball python hisses angrily.
The goblin shouts!
The endoplasm quivers.
There are monsters nearby!
There are monsters nearby!
You barely miss the ball python. Your grab misses the ball python.
The ball python barely misses you. The ball python grabs you.
The ball python constricts you.
You tentacle-slap the ball python. Your grab misses the ball python.
You squeeze the ball python.
You kill the ball python!
You tentacle-slap the endoplasm. You squeeze the endoplasm.
The endoplasm is heavily wounded.
The endoplasm closely misses you.
You tentacle-slap the endoplasm but do no damage.
The endoplasm is heavily wounded.
The endoplasm freezes you.
You are frozen.
The goblin completely misses you.
You tentacle-slap the endoplasm but do no damage.
The endoplasm is heavily wounded.
The endoplasm jiggles.
The endoplasm hits you. The goblin closely misses you.
You tentacle-slap the endoplasm. You squeeze the endoplasm.
You kill the endoplasm!
The goblin hits you with a +0 club.
You tentacle-slap the goblin but do no damage.
Your grab misses the goblin. The goblin hits you with a +0 club.
You die...

######.### .........#
.........# ....>....# >
.........# #..#
.........####...#
......†g.##.(.#.##
.......@......... #
##.#####......#.......#
....#
#..[...##..#.#.###
...##........#.........
#..##.#........##.....
##.....#.....#...#..#
#......#######......#
#.....## ##..#.#..#...
#...†..#####..........#


You could see a goblin.

Vanquished Creatures
  A ball python (D:1)
  An endoplasm (D:1)
  A frilled lizard (D:1)
  A kobold (D:1)
4 creatures vanquished.

Notes
Turn   | Place    | Note
-------+----------+-------------------------------------------
     0 | D:1      | H0rd4k the Octopode Artificer began the quest for the Orb.
     0 | D:1      | Reached XP level 1. HP: 13/13 MP: 1/1
   116 | D:1      | Slain by a goblin

Illustrated notes

Levels and vault maps discovered:
D:1:      heliophobic_arrival_glass_houses, layout_rooms,
          hellmonk_ecumenical_altar_watching_god, dk_noncrumbling_4

Action                   || total
-------------------------++-------
Melee: Unarmed           ||    11
       Tentacles         ||     3
       Constrict         ||     1
 Stab: Sleeping          ||     2
Dodge: Dodged            ||     5
